 Dungeon Crawl Stone Soup version 0.30-a0-738-g116ff8c4af (webtiles) character file.

Game seed: 11973842639966927483

175485 hikkokomori the Unseen (level 18, -7/112 HPs)
             Began as a Kobold Brigand on Feb 2, 2023.
             Was a High Priest of Okawaru.
             Mangled by an emperor scorpion (15 damage)
             ... on level 4 of the Spider Nest on Feb 4, 2023.
             The game lasted 02:02:12 (38458 turns).

hikkokomori the Unseen (Kobold Brigand)            Turns: 38458, Time: 02:02:13

Health: -7/112     AC: 16    Str: 10    XL:     18   Next: 75%
Magic:  24/30      EV: 27    Int: 22    God:    Okawaru [*****.]
Gold:   1032       SH: 12    Dex: 24    Spells: 20/34 levels left

rFire   + . .      SeeInvis .    i - +8 dagger (venom)
rCold   . . .      Faith    .    Z - +0 buckler
rNeg    + . .      Spirit   .    O - +3 steam dragon scales
rPois   .          Reflect  +    J - +2 helmet
rElec   +          Harm     .    c - +0 cloak
rCorr   .          Rampage  .    G - +1 pair of gloves of Puczu {Int+3}
Will    ++...                    y - +0 pair of boots
Stlth   ++++                     M - amulet "Kalol" {Reflect rF+ rN+ Dex-2 SH+5}
HPRegen 0.38/turn                k - ring of willpower
MPRegen 0.22/turn                U - ring "Jofy" {rElec Int+6 Dex+4 Slay+2}

@: lethally poisoned (-7 -> -14), slowed, glowing, very slow
A: small, no large weapons, nightstalker 3
a: Renounce Religion, Heroism, Finesse, Duel


You were on level 4 of the Spider Nest.
You worshipped Okawaru.
Okawaru was extremely pleased with you.
You visited 6 branches of the dungeon, and saw 28 of its levels.
You also visited: Sewer and Bailey.

You collected 3654 gold pieces.
You spent 2622 gold pieces at shops.

Inventory:

Hand Weapons
 i - a +8 dagger of venom (weapon)
 o - the +8 long sword of Spring {heavy, Drain Fly rN++ Str+3}
   (You bought it in a shop on level 2 of the Orcish Mines)

   Str:       It affects your strength (+3).
   rN:        It greatly protects you from negative energy.
   Fly:       It grants you flight.
   Drain:     It drains your maximum health when unequipped.
 R - a +4 heavy dagger
Missiles
 d - 72 poisoned darts (quivered)
 e - 22 curare-tipped darts
 j - 19 atropa-tipped darts
 K - 7 datura-tipped darts
Armour
 c - a +0 cloak (worn)
 y - a +0 pair of boots (worn)
 B - +0 fire dragon scales
 G - the +1 pair of gloves of Puczu (worn) {Int+3}
   (You took it off Nikola on level 4 of the Spider Nest)

   Int:       It affects your intelligence (+3).
 I - a +0 hat of willpower
 J - a +2 helmet (worn)
 O - +3 steam dragon scales (worn)
 Z - a +0 buckler (worn)
Jewellery
 a - a ring of magical power
 b - a ring of flight
 k - a ring of willpower (left hand)
 H - an amulet of regeneration
 M - the amulet "Kalol" (around neck) {Reflect rF+ rN+ Dex-2 SH+5}
   (You acquired it on level 4 of the Dungeon)

   [amulet of reflection]

   It reflects blocked missile attacks.
   Dex:       It affects your dexterity (-2).
   rF:        It protects you from fire.
   rN:        It protects you from negative energy.
   SH:        It affects your SH (+5).
 N - a ring of see invisible
 T - the ring "Kyri" {rC+ EV+5}
   (You acquired it on level 9 of the Dungeon)

   [ring of evasion]

   EV:        It affects your evasion (+5).
   rC:        It protects you from cold.
 U - the ring "Jofy" (right hand) {rElec Int+6 Dex+4 Slay+2}
   (You bought it in a shop on level 2 of the Orcish Mines)

   [ring of intelligence]

   Int:       It affects your intelligence (+6).
   Dex:       It affects your dexterity (+4).
   Slay:      It affects your accuracy & damage with ranged weapons and melee
   (+2).
   rElec:     It insulates you from electricity.
 W - a +5 ring of evasion
Wands
 f - a wand of acid (7)
 p - a wand of mindburst (9)
 q - a wand of paralysis (17)
 x - a wand of iceblast (24)
 F - a wand of digging (10)
 L - a wand of flame (32)
 V - a wand of polymorph (9)
Scrolls
 m - a scroll of amnesia
 u - 5 scrolls of teleportation
 w - 3 scrolls of brand weapon
 C - 10 scrolls of poison
 P - a scroll of silence
Potions
 g - 6 potions of might
 h - a potion of heal wounds
 l - 2 potions of cancellation
 n - 5 potions of flight
 r - 5 potions of mutation
 s - 2 potions of invisibility
 t - 6 potions of brilliance
 v - 5 potions of curing
 A - 4 potions of lignification
 D - 7 potions of haste
 Y - a potion of ambrosia


   Skills:
 + Level 12.0 Fighting
 - Level 10.2(12.0) Short Blades
 + Level 6.4(7.7) Long Blades
 - Level 6.4 Throwing
 - Level 2.9 Armour
 + Level 14.1 Dodging
 + Level 18.0 Stealth
 - Level 5.4 Shields
 - Level 8.6 Spellcasting
 - Level 5.2 Conjurations
 + Level 7.0 Necromancy
 - Level 6.5 Transmutations
 - Level 7.2 Fire Magic
 - Level 3.7 Air Magic
 - Level 8.7 Poison Magic
 + Level 9.0 Invocations
 - Level 8.9 Evocations


You had 20 spell levels left.
You knew the following spells:

 Your Spells              Type           Power      Damage    Failure   Level
a - Mephitic Cloud        Conj/Pois/Air  35%        N/A       2%          3
b - Dispel Undead         Necr           40%        3d16      5%          4
c - Olgreb's Toxic Radia  Pois           47%        N/A       2%          4
d - Ignite Poison         Fire/Tmut/Pois 42%        N/A       1%          3

Your spell library contained the following spells:

 Spells                   Type           Power      Damage    Failure   Level
 Magic Dart               Conj           100%       1d8       1%          1
 Sting                    Tmut/Pois      100%       1d8       1%          1
 Cigotuvi's Dreadful Rot  Necr/Pois/Air  76%        N/A       1%          2
 Poisonous Vapours        Pois/Air       74%        N/A       1%          2
 Searing Ray              Conj           64%        2d6       1%          2
 Spider Form              Tmut/Pois      43%        N/A       1%          3
 Kindle Blastsparks       Fire/Tloc/Air  50%        2d14      7%          3
 Dazzling Flash           Conj/Hex       40%        N/A       10%         3
 Ensorcelled Hibernation  Hex/Ice        18%        N/A       16%         2
 Agony                    Necr           40%        N/A       16%         5
 Anguish                  Hex/Necr       12%        N/A       22%         4
 Gell's Gravitas          Tloc           9%         N/A       30%         3
 Teleport Other           Tloc           9%         N/A       30%         3
 Fulminant Prism          Conj/Hex       10%        3d8       32%         4
 Freezing Cloud           Conj/Ice/Air   11%        6-21      63%         5
 Silence                  Hex/Air        8%         N/A       77%         5
 Dispersal                Tloc           4%         N/A       100%        6
 Death Channel            Necr           Unusable   N/A       N/A         6

Dungeon Overview and Level Annotations

Branches:
Dungeon (15/15)            Temple (1/1) D:7            Lair (5/5) D:11
 Shoals (0/4) Lair:2       Spider (4/4) Lair:3        Slime (0/5) Lair:4
    Orc (2/2) D:10            Elf (1/3) Orc:2        Vaults (0/5) D:13
 Depths (0/4) D:15          Sewer (visited)          Bailey (visited)

Altars:
Ashenzari
Cheibriados
Dithmenos
Elyvilon
Fedhas
Gozag
Hepliaklqana
Kikubaaqudgha
Makhleb
Nemelex Xobeh
Okawaru
Qazlal
Ru
Sif Muna
Trog
Uskayaw
Vehumet
Wu Jian
Xom
Yredelemnul
Zin
The Shining One
Jiyva
Lugonu

Shops:
D:1 (   D:4 ?   D:14 *   Orc:2 =(*(   Elf:1 (

Annotations:
Lair:1 3 runed translucent doors, Iich's ghost, journeyman MiFi
Spider:2 Roxanne


Innate Abilities, Weirdness & Mutations

You are small and have problems with some larger weapons.
You are completely attuned to the shadows.


Message History

The emperor scorpion claws you but does no damage.
You block the emperor scorpion's attack.
The sun moth bites you!
Aiming: Paralyse
Press: ? - help, Shift-Dir - straight line, f/p - emperor scorpion
Aim: an emperor scorpion (haloed, chance to affect: 34%)
The emperor scorpion easily resists.
You feel extremely sick. The emperor scorpion stings you.
The emperor scorpion completely misses you.
The emperor scorpion claws you.
* * * LOW HITPOINT WARNING * * *
The sun moth misses you. The emperor scorpion misses you.
The emperor scorpion claws you but does no damage.
The emperor scorpion barely misses you. The sun moth completely misses you.
Aiming: Paralyse
Press: ? - help, Shift-Dir - straight line, f/p - emperor scorpion
Aim: an emperor scorpion (haloed, chance to affect: 34%)
The emperor scorpion easily resists.
You feel very sick.
The emperor scorpion closely misses you.
The emperor scorpion misses you.
You block the emperor scorpion's attack.
The sun moth misses you. The sun moth throws energy at you.
The bolt of energy misses you.
The emperor scorpion closely misses you.
The emperor scorpion claws you but does no damage.
You block the emperor scorpion's attack.
Aiming: Paralyse
Press: ? - help, Shift-Dir - straight line, f/p - emperor scorpion
Aim: an emperor scorpion (haloed, chance to affect: 34%)
The emperor scorpion easily resists.
You feel very sick.
The emperor scorpion completely misses you. x2
You block the emperor scorpion's attack.
The sun moth closely misses you. The sun moth bites you!
* * * LOW HITPOINT WARNING * * *
The emperor scorpion stings you!
You die...

..
#...#.^....~#
^
~~~.^.....^^^#
#
≈≈~.^.......##
~
≈≈≈~~......##
~
≈≈≈≈~.......#
~ ≈~~..^....#
≈~~....^..##
≈≈~.......^#
~~~#@†....^#
.~~ys#....##
~.~^w††...^#
≈~~^......^#
≈≈~........#
≈≈~......^#
≈~~.......
~^...##..


You could see an emperor scorpion, a sun moth (very poisoned) and a torpor
snail.

Vanquished Creatures
  Nikola (Spider:4)
  Rupert (D:13)
  Agnes (Elf:1)
  A sphinx (Spider:4)
  Donald (Spider:3)
  An emperor scorpion (Spider:4)
  2 ghost moths
  Louise (Spider:3)
  A quicksilver ooze (Spider:3)
  2 broodmothers
  Azrael (Spider:3)
  A dire elephant (Lair:5)
  3 spark wasps
  A fire dragon (D:15)
  3 deep elf death magi (Elf:1)
  Josephine (D:14)
  An entropy weaver (Spider:2)
  8 vault guards (D:13)
  An ice dragon (D:15)
  3 jorogumos
  7 hydras
  An ogre mage (D:13)
  3 catoblepae
  A death knight (D:10)
  3 dancing weapons (Elf:1)
  7 two-headed ogres
  A centaur warrior (D:14)
  4 boulder beetles
  A tengu warrior (D:9)
  7 death yaks
  9 orc high priests
  Urug (D:13)
  A deep elf knight (Elf:1)
  4 sun moths
  6 pharaoh ants
  10 orb spiders
  4 deep elf archers (Elf:1)
  A wizard (D:9)
  2 orc knights (Orc:1)
  A harpy (shapeshifter) (D:15)
  8 deep elf pyromancers
  2 lindwurms (Lair:5)
  18 wolf spiders
  13 deep elf zephyrmancers (Elf:1)
  6 steelbarb worms
  4 manticores
  8 ugly things
  3 cyclopes
  2 moths of wrath (Spider:4)
  3 elephants (Lair:5)
  5 black mambas
  A merfolk siren (Lair:2)
  An eye of devastation (Lair:4)
  A gargoyle (D:13)
  2 torpor snails
  16 cane toads
  9 demonic crawlers
  Maggie (D:8)
  2 rime drakes (Lair:5)
  5 kobold demonologists (D:11)
  4 komodo dragons
  3 freezing wraiths
  A tengu conjurer (D:10)
  3 trolls
  4 meliai
  22 tarantellas
  2 hornets
  12 polar bears
  A tarantella (shapeshifter) (Spider:2)
  2 dream sheep
  25 jumping spiders
  9 slime creatures
  12 blink frogs
  2 air elementals (Elf:1)
  A spriggan (D:13)
  18 culicivoras
  11 wyverns
  4 shadows
  10 wraiths
  48 yaks
  Grum (D:8)
  4 fire elementals (Spider:3)
  40 redbacks
  9 vampire mosquitoes
  5 basilisks
  A steam dragon (D:7)
  An acid dragon (D:12)
  13 wargs
  15 hell hounds (Lair:5)
  13 water moccasins
  A floating eye (Lair:4)
  18 orc warriors
  An ice beast (D:7)
  13 black bears
  A sky beast (D:6)
  17 wolves
  A boggart (D:9)
  6 ogres
  3 centaurs
  2 phantoms (D:5)
  12 kobold brigands
  An earth elemental (Elf:1)
  A necrophage (D:6)
  9 bullfrogs
  8 wights
  4 scorpions
  A troll zombie (D:10)
  5 killer bees
  4 howler monkeys
  A vampire bat (D:5)
  A lava snake (Lair:1)
  8 hounds
  2 jellies
  35 orc priests
  5 iguanas
  An iron imp (D:9)
  20 orc wizards
  7 hell rats (Lair:3)
  7 ogre zombies (D:10)
  A gnoll (D:2)
  6 adders
  2 river rats (Sewer)
  2 shadow imps
  2 white imps
  2 ufetubi
  3 worms
  A dart slug (D:1)
  6 fire bats
  79 orcs
  2 spectral bats (D:5)
  14 bats
  3 bat skeletons (D:5)
  A bat zombie (D:5)
  6 endoplasms
  9 giant cockroaches
  4 goblins
  4 hobgoblins
  3 jackals (D:2)
  28 kobolds
  3 quokkas
  18 ball pythons
  A bat simulacrum (D:5)
  2 frilled lizards (D:2)
  A goblin skeleton (D:10)
  2 goblin zombies (D:10)
  3 hobgoblin skeletons (D:10)
  4 hobgoblin zombies (D:10)
  3 orc skeletons (D:10)
  12 orc zombies (D:10)
  6 rats
  A bush (D:5)
944 creatures vanquished.

Vanquished Creatures (others)
  A killer bee (D:11)
  2 demonic plants (D:11)
  25 fungi
  23 plants
  4 toadstools (D:9)
55 creatures vanquished.

Grand Total: 999 creatures vanquished

Notes
Turn   | Place    | Note
-------+----------+-------------------------------------------
     0 | D:1      | hikkokomori the Kobold Brigand began the quest for the Orb.
     0 | D:1      | Reached XP level 1. HP: 12/12 MP: 1/1
   164 | D:1      | Reached XP level 2. HP: 16/18 MP: 2/2
   592 | D:1      | Found Laem Lopn's Antique Weapon Boutique.
   601 | D:1      | Reached XP level 3. HP: 22/22 MP: 3/3
  1169 | D:2      | Reached XP level 4. HP: 18/27 MP: 3/5
  1392 | D:2      | Found a faded altar of an unknown god.
  1749 | D:2      | Learned a level 3 spell: Mephitic Cloud
  1759 | D:3      | Reached skill level 1 in Spellcasting
  1956 | D:3      | Reached XP level 5. HP: 32/32 MP: 6/6
  2036 | D:3      | Reached skill level 6 in Stealth
  2760 | D:4      | Found Kaysuosm's Magic Scroll Shoppe.
  2765 | D:4      | Bought a scroll of blinking for 75 gold pieces
  2765 | D:4      | Bought a scroll of identify for 20 gold pieces
  2765 | D:4      | Bought a scroll of fear for 40 gold pieces
  2803 | D:4      | Reached skill level 1 in Conjurations
  2803 | D:4      | Reached skill level 1 in Poison Magic
  2803 | D:4      | Reached XP level 6. HP: 37/37 MP: 8/8
  3479 | D:4      | Reached XP level 7. HP: 32/42 MP: 10/10
  3610 | D:5      | Entered Level 5 of the Dungeon
  3730 | D:5      | Reached skill level 7 in Stealth
  3750 | D:5      | Reached skill level 5 in Short Blades
  4097 | D:5      | Reached XP level 8. HP: 47/48 MP: 12/12
  4929 | D:5      | Reached skill level 5 in Fighting
  4945 | D:5      | Reached skill level 8 in Stealth
  5243 | D:6      | Found a glowing drain.
  5267 | Sewer    | Entered a sewer
  5444 | Sewer    | Reached XP level 9. HP: 54/54 MP: 13/15
  6270 | D:6      | Identified the +0 ring mail "Uquosekk" {rPois rC+ Int+2}
  6709 | D:7      | Reached skill level 9 in Stealth
  6753 | D:7      | Found a staircase to the Ecumenical Temple.
  6763 | Temple   | Entered the Ecumenical Temple
  7026 | Temple   | Became a worshipper of Warmaster Okawaru
  7510 | D:7      | Reached XP level 10. HP: 61/61 MP: 17/17
  8306 | D:8      | Found a flagged portal.
  8312 | Bailey   | Entered a bailey
  8416 | Bailey   | Reached * piety under Okawaru
  8633 | Bailey   | Reached skill level 5 in Spellcasting
  8708 | Bailey   | Reached skill level 5 in Conjurations
  8892 | Bailey   | Reached skill level 5 in Poison Magic
  9093 | Bailey   | Found an iron altar of Okawaru.
  9282 | D:4      | Bought a scroll of acquirement for 520 gold pieces
  9282 | D:4      | Acquired the amulet "Kalol" {Reflect rF+ rN+ Dex-2 SH+5}
  9439 | D:1      | Bought an encrusted broad axe for 171 gold pieces
  9439 | D:1      | Identified the +7 broad axe "Woxocs" {elec, rF+ rCorr
                  | Str+2} (You bought it in a shop on level 1 of the Dungeon)
  9556 | D:8      | Noticed Grum
  9559 | D:8      | Found a white marble altar of Elyvilon.
  9944 | D:8      | Noticed Maggie
  9968 | D:8      | Killed Maggie
  9968 | D:8      | Reached ** piety under Okawaru
  9969 | D:8      | Reached skill level 1 in Air Magic
  9969 | D:8      | Reached skill level 1 in Invocations
 10407 | D:8      | Killed Grum
 10408 | D:8      | Reached skill level 1 in Armour
 11442 | D:9      | Reached XP level 11. HP: 29/68 MP: 8/19
 11581 | D:9      | Acquired the ring "Kyri" {rC+ EV+5}
 11642 | D:9      | Found a snail-covered altar of Cheibriados.
 11768 | D:9      | Noticed a two-headed ogre
 11774 | D:9      | Killed a two-headed ogre
 11774 | D:9      | Reached *** piety under Okawaru
 12064 | D:9      | Reached skill level 10 in Short Blades
 12346 | D:9      | Noticed a red ugly thing
 12369 | D:9      | Killed a red ugly thing
 12375 | D:9      | Noticed a deep elf pyromancer
 12380 | D:9      | Killed a deep elf pyromancer
 12467 | D:9      | Noticed a manticore
 12473 | D:9      | Killed a manticore
 12531 | D:9      | Noticed a wizard
 12544 | D:9      | Killed a wizard
 12544 | D:9      | Reached **** piety under Okawaru
 12610 | D:9      | Noticed a tengu warrior
 12618 | D:9      | Reached skill level 5 in Dodging
 12621 | D:9      | Killed a tengu warrior
 12835 | D:9      | Noticed a cyclops
 12852 | D:9      | Killed a cyclops
 12867 | D:9      | Noticed a two-headed ogre
 12881 | D:9      | Killed a two-headed ogre
 12881 | D:9      | Reached ***** piety under Okawaru
 12882 | D:9      | Reached XP level 12. HP: 54/75 MP: 14/20
 13176 | D:10     | Entered Level 10 of the Dungeon
 13232 | D:10     | Noticed a death knight
 13235 | D:10     | Reached skill level 1 in Evocations
 13238 | D:10     | Killed a death knight
 13239 | D:10     | Reached skill level 1 in Shields
 13415 | D:10     | Found a shimmering blue altar of Sif Muna.
 13461 | D:10     | Reached skill level 10 in Stealth
 13510 | D:10     | Found a staircase to the Orcish Mines.
 14009 | D:10     | Found a glowing golden altar of the Shining One.
 14072 | D:10     | Noticed a two-headed ogre
 14076 | D:10     | Killed a two-headed ogre
 14432 | D:11     | Found a corrupted altar of Lugonu.
 14534 | D:11     | You are sucked into a shaft and drop 3 floors!
 14893 | D:12     | Noticed a two-headed ogre
 14902 | D:12     | Killed a two-headed ogre
 14977 | D:12     | Reached skill level 11 in Stealth
 15039 | D:12     | Reached skill level 5 in Evocations
 15358 | D:11     | Noticed a death yak
 15361 | D:11     | Found a staircase to the Lair.
 15363 | D:11     | Killed a death yak
 15365 | D:11     | Noticed a death yak
 15369 | D:11     | Killed a death yak
 15370 | D:11     | Reached XP level 13. HP: 79/79 MP: 21/21
 15616 | D:11     | Reached skill level 10 in Dodging
 15624 | D:11     | Received a gift from Okawaru
 16058 | D:11     | Reached skill level 13 in Stealth
 16058 | D:11     | Reached skill level 5 in Shields
 16058 | D:11     | Reached XP level 14. HP: 84/84 MP: 22/22
 16508 | Lair:1   | Entered Level 1 of the Lair of Beasts
 16550 | Lair:1   | Identified the +0 scale mail "Waelezef" {-Cast rF+ SInv}
                  | (Okawaru gifted it to you on level 1 of the Lair of Beasts)
 16550 | Lair:1   | Received a gift from Okawaru
 16550 | Lair:1   | Reached ****** piety under Okawaru
 16672 | Lair:1   | Identified the +4 morningstar of Adykuh {freeze, rElec rC-
                  | Int+5}
 16743 | Lair:1   | Reached skill level 5 in Invocations
 17361 | Lair:1   | Found a runed translucent gate.
 17362 | Lair:1   | Found a runed translucent gate.
 17363 | Lair:1   | Found a runed translucent gate.
 17369 | Lair:1   | Noticed Iich's ghost (journeyman MiFi)
 17380 | Lair:1   | Upgraded the game from 0.30-a0-737-gf23d94013f to
                  | 0.30-a0-738-g116ff8c4af
 17408 | Lair:1   | Found a runed translucent door.
 17416 | Lair:1   | Noticed a reaper
 17717 | Lair:2   | Reached skill level 14 in Stealth
 17807 | Lair:2   | Learned a level 4 spell: Dispel Undead
 18422 | Lair:2   | Reached skill level 1 in Necromancy
 18429 | Lair:2   | Found a staircase to the Shoals.
 18736 | Lair:2   | Learned a level 4 spell: Olgreb's Toxic Radiance
 18740 | Lair:2   | Learned a level 3 spell: Ignite Poison
 19075 | Lair:3   | Reached skill level 10 in Fighting
 19091 | Lair:3   | Reached skill level 1 in Transmutations
 19099 | Lair:3   | Reached skill level 1 in Fire Magic
 19320 | Lair:3   | Found a hole to the Spider Nest.
 20165 | Lair:4   | Found a viscous altar of Jiyva.
 20165 | Lair:4   | Found a staircase to the Slime Pits.
 20326 | Lair:5   | Entered Level 5 of the Lair of Beasts
 20382 | Lair:5   | Reached XP level 15. HP: 25/92 MP: 1/23
 20610 | Lair:5   | Identified the +0 scale mail "Mummaunegeuts" {rC+ Will+}
                  | (Okawaru gifted it to you on level 5 of the Lair of Beasts)
 20610 | Lair:5   | Received a gift from Okawaru
 22765 | Lair:5   | Reached skill level 5 in Fire Magic
 22820 | Lair:5   | Reached skill level 5 in Transmutations
 24706 | D:13     | Noticed Urug
 24710 | D:13     | Killed Urug
 24999 | D:13     | Found a gate to the Vaults.
 25005 | D:13     | Reached XP level 16. HP: 95/97 MP: 10/25
 25327 | D:13     | Found a hazy altar of Hepliaklqana.
 25327 | D:13     | Found a faded altar of an unknown god.
 25473 | Orc:1    | Entered Level 1 of the Orcish Mines
 25935 | Orc:1    | Received a gift from Okawaru
 26064 | Orc:2    | Entered Level 2 of the Orcish Mines
 26193 | Orc:2    | Found a staircase to the Elven Halls.
 26828 | Orc:2    | Received a gift from Okawaru
 26924 | Orc:2    | Found Mazumn's Assorted Antiques.
 26972 | Orc:2    | Found Roulenno's Antique Weapon Emporium.
 26983 | Orc:2    | Received a gift from Okawaru
 27021 | Orc:2    | Bought a jewelled long sword for 306 gold pieces
 27021 | Orc:2    | Identified the +8 long sword of Spring {heavy, Drain Fly
                  | rN++ Str+3} (You bought it in a shop on level 2 of the
                  | Orcish Mines)
 27130 | Orc:2    | Found Roppel's Antique Weapon Emporium.
 27132 | Orc:2    | Found Dekhaul's Jewellery Boutique.
 27138 | Orc:2    | Bought the ring "Jofy" {rElec Int+6 Dex+4 Slay+2} for 868
                  | gold pieces
 27464 | Orc:2    | Bought a slimy chain mail for 342 gold pieces
 27464 | Orc:2    | Identified the +7 chain mail of Ukahina {rF+ rC++ MP+9}
                  | (You bought it in a shop on level 2 of the Orcish Mines)
 27495 | Elf:1    | Entered Level 1 of the Elven Halls
 27510 | Elf:1    | Reached skill level 1 in Long Blades
 27585 | Elf:1    | Reached skill level 15 in Stealth
 27986 | Elf:1    | Found Dusaqel's Weapon Shoppe.
 28434 | Elf:1    | Noticed Agnes
 28442 | Elf:1    | Killed Agnes
 28580 | Elf:1    | Reached XP level 17. HP: 102/102 MP: 29/29
 29249 | D:13     | Noticed Rupert
 29333 | D:13     | Killed Rupert
 29651 | D:14     | Found a blossoming altar of Fedhas.
 29794 | D:14     | Noticed Josephine
 29835 | D:14     | Killed Josephine
 29898 | D:14     | Received a gift from Okawaru
 29899 | D:14     | Reached skill level 16 in Stealth
 30198 | D:14     | Found Cacichuo's Assorted Antiques.
 30204 | D:14     | Bought a scroll of teleportation for 84 gold pieces
 30204 | D:14     | Bought a scroll of teleportation for 84 gold pieces
 30204 | D:14     | Bought a scroll of fear for 112 gold pieces
 30533 | D:14     | Reached skill level 5 in Necromancy
 30686 | D:15     | Entered Level 15 of the Dungeon
 31016 | D:15     | Found a staircase to the Depths.
 32038 | Spider:1 | Entered Level 1 of the Spider Nest
 32049 | Spider:1 | Received a gift from Okawaru
 32153 | Spider:1 | Received a gift from Okawaru
 32899 | Spider:1 | Reached skill level 5 in Throwing
 33281 | Spider:1 | Received a gift from Okawaru
 33436 | Spider:2 | Identified Roxanne's Monograph on the Xenolith
 33436 | Spider:2 | Noticed Roxanne
 33449 | Spider:2 | Paralysed by a jorogumo for 1 turns
 33689 | Spider:1 | Reached skill level 5 in Long Blades
 34228 | Spider:2 | Reached skill level 17 in Stealth
 34254 | Spider:2 | Reached XP level 18. HP: 110/110 MP: 26/30
 34753 | Spider:3 | Noticed Donald
 34760 | Spider:3 | Killed Donald
 34952 | Spider:3 | Noticed Azrael
 34955 | Spider:3 | Killed Azrael
 34996 | Spider:3 | Noticed Arachne
 35037 | Spider:3 | HP: 5/110 [Arachne/staff of poison (21)]
 35600 | Spider:3 | Identified the +5 ring mail of Hugguziloj {rF+}
 35785 | Spider:3 | Noticed Louise
 35799 | Spider:3 | Killed Louise
 36026 | Spider:4 | Entered Level 4 of the Spider Nest
 36494 | Spider:4 | Received a gift from Okawaru
 36597 | Spider:4 | Identified the +1 pair of gloves of Puczu {Int+3}
 36597 | Spider:4 | Noticed Nikola
 36607 | Spider:4 | Killed Nikola
 36952 | Spider:3 | Arachne changed into Arachne the quicksilver ooze
 36952 | Spider:3 | Noticed Arachne
 36962 | Spider:3 | Killed Arachne the quicksilver ooze
 37311 | Spider:3 | Reached skill level 18 in Stealth
 38346 | Spider:4 | Received a gift from Okawaru
 38458 | Spider:4 | Mangled by an emperor scorpion

Illustrated notes

Levels and vault maps discovered:
D:1:      matt_arrival_refuge, layout_rooms, serial_shops, nicolae_square_shop
D:2:      layout_basic, nicolae_ecumenical_snake_handling, minmay_fountain_box,
          serial_bayou_pond_b, amcnicky_mini_rare_corridor_liquid
D:3:      layout_basic, minivault_14, minmay_liquid_box, minmay_cupped
D:4:      layout_basic, minmay_shop_grid_forest, st_stairs_2
D:5:      layout_loops_ring, chequers_avenue, chequers_jeans,
          kb_lookout_dungeons_type, goddamned_bats
D:6:      layout_loops_cross, portal_sewer_entry_f
D:7:      layout_basic, minmay_temple_entry_statues_pillars
D:8:      layout_layer_cave, elyvilon_altar_5, enter_bailey_8, uniq_maggie,
          uniq_grum
D:9:      hangedman_cross_veins, layout_long_grid, slow_altar_2,
          minmay_gold_behind_fungi
D:10:     layout_roguey, mainiacjoe_overflow_small_starburst,
          old_standard_altar, zombieorc2_lemuel, minmay_chambers_of_fives
D:11:     kennysheep_kobold_lugonu_temple, layout_gridville, dpeg_lair_monsters
D:12:     layout_roguey
D:13:     layout_irregular_city, erik_vaults_2,
          beargit_hepliaklqana_dungeon_heroes, uniq_urug, uniq_rupert
D:14:     layout_loops_ring, serial_shops, nicolae_shop_overgrown_old_shop,
          fedhas_altar_3, uniq_josephine
D:15:     grunt_enter_depths_hoard, layout_irregular_city, roderic_lattice_a
Temple:   regret_index_temple_mists
Lair:1:   layout_gridlike, gammafunk_ghost_hydra_chop, minivault_11,
          pdpol_lair_cabin_in_the_woods
Lair:2:   layout_cellular_growth, minmay_shoals_entry_lonely_mermaid,
          grunt_megastairs_1
Lair:3:   layout_layer_cave, nicolae_spider_entry_orb_guardian,
          chequers_serial_rivers_small_3
Lair:4:   layout_long_grid, minmay_slime_entry_eyes, beast_lair_carwin_1
Lair:5:   hangedman_lair_caniforms_friends, layout_cave_pods,
          hangedman_lair_in_review, serial_bayou_shore_b
Spider:1: cheibrodos_forgotten_conduit
Spider:2: layout_spider_delve, hellmonk_deceptive_appearances, uniq_roxanne
Spider:3: layout_cave_pods, uniq_louise, uniq_arachne, uniq_donald, uniq_azrael
Spider:4: grunt_spider_rune_island, beargit_elvish_explorers, uniq_nikola
Orc:1:    layout_caves
Orc:2:    st_orc_town, layout_caves
Elf:1:    elf_arrival_001, layout_geoelf_diagonals, serial_shops, shop,
          minmay_elf_crystal_heptagon, drop_trap, uniq_agnes

Skill      XL: |  1  2  3  4  5  6  7  8  9 10 11 12 13 14 15 16 17 18 |
---------------+-------------------------------------------------------+-----
Short Blades   | 3 4 5 6 7 9 10 | 10.2
Dodging        | 2 8 9 11 12 13 14 | 14.1
Fighting       | 3 4 5 6 8 10 11 12 | 12.0
Spellcasting   | 1 2 4 5 6 8 |  8.6
Stealth        | 6 7 8 9 11 13 14 15 17 18 | 18.0
Conjurations   | 1 2 3 4 5 |  5.2
Poison Magic   | 1 2 3 4 5 7 8 |  8.7
Air Magic      | 2 3 |  3.7
Invocations    | 2 4 6 8 9 |  9.0
Armour         | 1 2 |  2.9
Throwing       | 3 4 5 6 |  6.4
Evocations     | 5 7 8 |  8.9
Shields        | 3 5 |  5.4
Necromancy     | 1 4 6 7 |  7.0
Transmutations | 2 6 |  6.5
Fire Magic     | 2 6 7 |  7.2
Long Blades    | 3 5 6 |  6.4

Action                     |  1- 3 |  4- 6 |  7- 9 | 10-12 | 13-15 | 16-18 || total
---------------------------+-------+-------+-------+-------+-------+-------++-------
  Melee: Dagger            |    52 |   104 |   510 |   528 |  1092 |  1209 ||  3495
         Punch             |       |     1 |     8 |    12 |     1 |       ||    22
         Broad axe         |       |       |       |    35 |       |       ||    35
  Throw: Dart              |       |       |       |    15 |     2 |     4 ||    21
   Cast: Mephitic Cloud    |       |       |       |    35 |    27 |     9 ||    71
         Ignite Poison     |       |       |       |       |    20 |    80 ||   100
         Olgreb's Toxic Ra |       |       |       |       |     8 |    53 ||    61
         Dispel Undead     |       |       |       |       |       |     3 ||     3
 Invoke: Heroism           |       |       |       |     8 |    17 |    18 ||    43
         Finesse           |       |       |       |       |     1 |     3 ||     4
  Evoke: Wand              |       |     1 |     1 |     5 |    16 |    18 ||    41
    Use: Scroll            |     2 |     9 |     7 |    13 |    12 |    16 ||    59
         Potion            |       |       |     1 |     4 |     8 |    16 ||    29
   Stab: Sleeping          |    17 |    25 |    26 |    36 |    36 |    74 ||   214
         Distracted        |       |     1 |     1 |       |     1 |    14 ||    17
         Confused          |       |       |       |    25 |    24 |    11 ||    60
         Invisible         |       |       |       |     2 |       |       ||     2
         Paralysed         |       |       |       |       |       |     1 ||     1
 Armour: Robe              |     8 |    12 |    54 |     6 |       |     9 ||    89
         Scale mail        |       |       |    85 |     4 |       |       ||    89
         Ring mail         |       |       |       |    11 |       |       ||    11
         Steam dragon scal |       |       |       |    43 |   105 |   128 ||   276
         Skin              |       |       |       |       |       |     7 ||     7
  Dodge: Dodged            |    31 |    51 |   316 |   323 |   911 |   946 ||  2578
  Block: Other             |       |       |       |    74 |    22 |       ||    96
         Buckler           |       |       |       |       |   552 |   580 ||  1132
         Reflection        |       |       |       |       |       |     3 ||     3

Table legend: (Time is in decaauts)
 A = Elapsed time spent in this place.
 B = Non-inter-level travel time spent in this place.
 C = Inter-level travel time spent in this place.
 D = Time resting spent in this place.
 E = Time spent auto-exploring this place.
 F = Levels seen in this place.
 G = Mean time per level.
                   A        B        C        D        E       F      G
               +--------+--------+--------+--------+--------+-----+--------+
         Total |  37459 |  35456 |   2003 |   5278 |  23417 |  30 | 1248.6 |
       Dungeon |  18450 |  17149 |   1301 |   1405 |  12588 |  15 | 1230.0 |
        Temple |    369 |    300 |     69 |      0 |    275 |   1 |  369.0 |
          Lair |   7795 |   7378 |    417 |    607 |   5432 |   5 | 1559.0 |
   Spider Nest |   6193 |   6117 |     76 |   2564 |   2517 |   4 | 1548.2 |
  Orcish Mines |   1899 |   1804 |     95 |     59 |   1239 |   2 |  949.5 |
   Elven Halls |   1515 |   1473 |     42 |    391 |    834 |   1 | 1515.0 |
         Sewer |    407 |    407 |      0 |      0 |    270 |   1 |  407.0 |
        Bailey |    829 |    829 |      0 |    252 |    261 |   1 |  829.0 |
               +--------+--------+--------+--------+--------+-----+--------+

Top non-repeatable levels by time:
  Lair:5: 2967 daAuts
Spider:3: 2053 daAuts
     D:9: 1828 daAuts
     D:8: 1580 daAuts
     D:7: 1571 daAuts
Spider:1: 1529 daAuts
Spider:2: 1518 daAuts
   Elf:1: 1515 daAuts
    D:11: 1380 daAuts
    D:13: 1362 daAuts
     D:6: 1332 daAuts
  Lair:2: 1302 daAuts
  Lair:1: 1272 daAuts
     D:5: 1262 daAuts
     D:4: 1258 daAuts
